cohdb
Replays
Latest Replays
All Replays
Popular Replays
Top Player Replays
Match Explorer
How It Works
Community
CoH3 Stats
Reddit
Sign in to upload your games and track your stats! →
Sign in with Steam
Match 42538451
Unlisted
Match 42538451
Overview
Messages
Build Orders
End
Panzergrenadier Squad
Selects Italian Combined Arms Battlegroup
Selects Bersaglieri Squad
250 Light Carrier
250 Light Carrier
Construct Light Support Kompanie
Combat Half-tracks
MG34 Team
Construct Mechanized Kompanie
Support Armor Elements
StuG III D Assault Gun
le.IG 18 Mechanized Group
Marder III Tank Destroyer
2.5-tonne Medical Truck
Selects Semovente da 75/18 Assault Gun
Emergency Repair Kits
Vehicle Survival Package
StuG III D Assault Gun
Marder III Tank Destroyer
Tungsten Core Ammunition
Selects Carro Armato M13/40 Light Tank
Selects Pact of Steel
StuG III D Assault Gun
Construct Panzerarmee Kommand
AI Takeover
梁山伯有限公司董事长 王伦
nateums
Monkey Master of Monkeys
̶H̶e̶c̶t̶o̶r̶
B1t
SkyCurv
spring
喊乌拉的德棍123
0
0
Comments
sign in to comment!
No comments posted yet!